 Dungeon Crawl Stone Soup version 0.28-a0-816-gb054d885db (webtiles) character file.

Game seed: 14641944032360051473

971 vurker the Gusty (level 7, -4/33 HPs)
             Began as a Felid Air Elementalist on Nov 8, 2021.
             Was a Follower of Vehumet.
             Shot with an arrow by a centaur (9 damage)
             ... on level 7 of the Dungeon.
             The game lasted 00:17:24 (12667 turns).

vurker the Gusty (Felid Air Elementalist)          Turns: 12667, Time: 00:17:24

Health: -4/33      AC:  2    Str:  4    XL:     7   Next: 94%
Magic:  14/19      EV: 17    Int: 20    God:    Vehumet [*.....]
Gold:   190        SH:  0    Dex: 16    Spells: 16/21 levels left
                                        Lives:  0   Deaths: 2

rFire   + + .      SeeInvis +   (weapon unavailable)
rCold   . . .      Faith    .   (shield unavailable)
rNeg    . . .      Spirit   .   (armour unavailable)
rPois   .          Reflect  .   (helmet unavailable)
rElec   .          Harm     .   (cloak unavailable)
rCorr   .          Rampage  .   (gloves unavailable)
Will    +....                   (boots unavailable)
Stlth   ++........              (no amulet)
HPRegen 0.11/turn               a - +4 ring of slaying
MPRegen 0.16/turn               d - ring "Onnuelex" {Wiz rF++}

@: quick
A: very small, claws 1, fangs 3, see invisible, speed 1, shaggy fur 2, stealthy
paws, no weapons or thrown items, no armour, multi-lived
a: Renounce Religion


You were on level 7 of the Dungeon.
You worshipped Vehumet.
Vehumet was aware of your devotion.
You visited 2 branches of the dungeon, and saw 8 of its levels.
You also visited: Bailey.

You collected 190 gold pieces.

Inventory:

Jewellery
 a - a +4 ring of slaying (left paw)
   (You found it on level 1 of the Dungeon)
 d - the ring "Onnuelex" (right paw) {Wiz rF++}
   (You acquired it on level 6 of the Dungeon)

   [ring of wizardry]

   It improves your spell success rate.
   rF:        It greatly protects you from fire.
Scrolls
 m - 2 scrolls of immolation
Potions
 b - 3 potions of mutation
 c - a potion of brilliance {unknown}
 e - 2 potions of lignification {unknown}
 f - 3 potions of haste
 g - 2 potions of cancellation {unknown}
 i - 2 potions of curing {unknown}
 l - 2 potions of flight {unknown}
 o - a potion of ambrosia
 p - a potion of attraction {unknown}
 q - 3 potions of heal wounds {unknown}


   Skills:
 + Level 5.4 Fighting
 - Level 2.6 Dodging
 - Level 2.6 Stealth
 * Level 7.6 Spellcasting
 - Level 3.0 Conjurations
 * Level 7.9 Air Magic


You had 16 spell levels left.
You knew the following spells:

 Your Spells              Type           Power      Damage    Failure   Level
a - Shock                 Conj/Air       100%       1d9       1%          1
c - Airstrike             Air            19%        N/A       1%          4

Your spell library contained the following spells:

 Spells                   Type           Power      Damage    Failure   Level
 Foxfire                  Conj/Fire      52%        2x1d6     1%          1
 Magic Dart               Conj           76%        1d6       1%          1
 Searing Ray              Conj           38%        2d5       1%          2
 Static Discharge         Conj/Air       29%        N/A       1%          2
 Swiftness                Air            39%        N/A       1%          3
 Freeze                   Ice            28%        1d5       3%          1
 Dazzling Flash           Conj/Hex       26%        N/A       6%          3
 Fulminant Prism          Conj/Hex       6%         3d7       19%         4
 Iskenderun's Mystic Bla  Conj/Tloc      13%        2d5       19%         4
 Starburst                Conj/Fire      6%         6d4       95%         6


Dungeon Overview and Level Annotations

Branches:
Dungeon (7/15)             Temple (1/1) D:4          Bailey (visited)

Altars:
Cheibriados
Dithmenos
Elyvilon
Fedhas
Gozag
Hepliaklqana
Kikubaaqudgha
Makhleb
Nemelex Xobeh
Okawaru
Qazlal
Trog
Uskayaw
Vehumet
Xom
Yredelemnul
Zin
The Shining One

Shops:
D:1 =   D:2 ***   D:7 !

Annotations:
D:3 3 runed translucent doors, Tribosh's ghost, amateur OpFi


Innate Abilities, Weirdness & Mutations

You have sharp claws.
You have razor-sharp teeth.
You have supernaturally acute eyesight. (SInv)
You cover ground quickly. (Speed+)
You are covered in thick fur. (AC +2)
Your paws help you pounce on unaware monsters.
You are incapable of wielding weapons or throwing items.
You cannot wear armour.
You gain extra lives every three experience levels.


Message History

An orc knight is nearby!
Welcome back to the Dungeon!
There is an empty arch of ancient stone here.
A kobold is nearby!
A kobold is nearby!
A kobold is nearby!
Aim: a kobold, wielding a +0 club (empty space bonus: 6/8)
The air twists around and strikes the kobold!
You kill the kobold!
Vehumet accepts your kill.
You hear a splash.
You can't see any susceptible monsters within range! (Use Z to cast anyway.)
Items here: ( ))) รทรทรท.
You enter the shallow water.
Moving in this stuff is going to be slow.
Things that are here:
a +0 club; a kobold corpse
Things that are here:
a curare-tipped dart; a +0 dagger
Things that are here:
a +0 club; a kobold skeleton
Found a book of Spectacle.
Found Urycziv's Distillery.
Found a stone staircase leading up.
You pick up a book of Spectacle and begin reading...
You add the spells Dazzling Flash, Iskenderun's Mystic Blast and Starburst to your library.
An ogre comes into view. It is wielding a +0 giant club.
Found a dented golden amulet.
A centaur warrior zombie comes into view.
Found a trident.
The ogre shouts!
A centaur comes into view.
Aim: an ogre, wielding a +0 giant club (empty space bonus: 7/8)
The air twists around and strikes the ogre!
The centaur shouts!
The centaur wields a +0 shortbow.
The centaur shoots an arrow.
The arrow hits you!
The centaur shoots an arrow.
The arrow hits you!
* * * LOW HITPOINT WARNING * * *
The centaur shoots an arrow.
The arrow hits you!
* * * LOW HITPOINT WARNING * * *
A centaur warrior zombie is nearby!
A centaur warrior zombie is nearby!
Unknown command.
The centaur warrior zombie hits you but does no damage.
The centaur warrior zombie completely misses you.
You aren't carrying any items that you can evoke.
Aim: a centaur, wielding a +0 shortbow and quivering arrows (empty space bonus: 1/8)
The air twists around and strikes the centaur!
The centaur shoots an arrow.
The arrow hits you!
You die...

#####'#............##
.....[..# #.#.#..####<....#
........# #.###.#.........#
........# #...#...##+#.##.#
........# ###.#........# #
........# #.#.###....#
........# #.#........#
........########.#........#
#.....Zc..@...#.##.###.#
#######.##########.... #.#
..........c.# #.### #..
########.###.#### ###
#........#......#
#........#......#
#.......##......#
###'######......#
#.......####.#### #


You could see a centaur and a centaur warrior zombie.

Vanquished Creatures
  Pikel (D:6)
  8 orc warriors (Bailey)
  3 black bears
  An ogre (D:6)
  A necrophage (D:6)
  A centaur (D:7)
  A phantom (D:6)
  4 lemures (D:6)
  Blork the orc (D:5)
  2 kobold brigands
  A gnoll sergeant (D:4)
  2 scorpions (D:6)
  A wyvern skeleton (D:5)
  A howler monkey (D:6)
  2 hounds
  A bullfrog zombie (D:5)
  2 orc priests
  2 centaur skeletons
  Jessica (D:2)
  2 iguanas
  An orc wizard (D:3)
  2 killer bee zombies
  Robin (D:2)
  3 gnolls (D:4)
  3 adders
  2 ufetubi (D:5)
  2 worms
  2 dart slugs
  20 orcs
  6 endoplasms
  2 giant cockroaches
  21 goblins
  5 hobgoblins (D:2)
  4 jackals (D:2)
  6 quokkas
  5 ball pythons
  5 bats
  8 frilled lizards
  16 kobolds
  5 rats
157 creatures vanquished.

Notes
Turn   | Place    | Note
-------+----------+-------------------------------------------
     0 | D:1      | vurker the Felid Air Elementalist began the quest for the
                  | Orb.
     0 | D:1      | Reached XP level 1. HP: 7/7 MP: 4/4
   154 | D:1      | Reached skill level 1 in Conjurations
   232 | D:1      | Reached XP level 2. HP: 12/12 MP: 6/6
   415 | D:1      | Found Lohubo Qiyg's Jewellery Shop.
   629 | D:1      | Found a faded altar of an unknown god.
   634 | D:1      | Got Plato's Catalogue of Ice
  1041 | D:2      | Found Vuvvosoa's Assorted Antiques.
  1070 | D:2      | Found Othriav's General Store.
  1306 | D:2      | Found Gate's Assorted Antiques.
  1423 | D:2      | Reached XP level 3. HP: 15/15 MP: 2/7
  1891 | D:2      | Noticed Robin
  1893 | D:2      | Reached skill level 1 in Fighting
  2042 | D:2      | Killed Robin
  2327 | D:2      | Noticed Jessica
  2341 | D:2      | Killed Jessica
  2342 | D:2      | Reached XP level 4. HP: 11/19 MP: 1/9
  3312 | D:2      | Learned a level 4 spell: Airstrike
  3349 | D:3      | Found a runed translucent gate.
  3349 | D:3      | Found a runed translucent gate.
  3353 | D:3      | Noticed Tribosh's ghost (amateur OpFi)
  3354 | D:3      | Found a runed translucent gate.
  3507 | D:3      | Noticed a sky beast
  4446 | D:4      | Reached XP level 5. HP: 22/22 MP: 3/10
  4699 | D:4      | Noticed a black bear
  4766 | D:4      | Found a staircase to the Ecumenical Temple.
  4772 | Temple   | Entered the Ecumenical Temple
  4793 | Temple   | Became a worshipper of Vehumet
  4910 | D:4      | Noticed a black bear
  4925 | D:4      | Killed a black bear
  4926 | D:4      | Gained mutation: You are covered in thick fur. (AC +2)
                  | [Felid growth]
  4926 | D:4      | Reached XP level 6. HP: 24/26 MP: 5/12
  5911 | D:4      | Found a shimmering altar of Xom.
  5914 | D:4      | Found a basalt altar of Yredelemnul.
  5918 | D:4      | Found a white marble altar of Elyvilon.
  6047 | D:4      | Reached XP level 7. HP: 29/30 MP: 6/14
  6297 | D:4      | Found a glowing silver altar of Zin.
  6297 | D:4      | Found a hazy altar of Hepliaklqana.
  6462 | D:5      | Entered Level 5 of the Dungeon
  6578 | D:5      | Reached skill level 5 in Air Magic
  7199 | D:5      | Noticed Blork the orc
  7208 | D:5      | Killed Blork the orc
  7209 | D:5      | Reached skill level 5 in Spellcasting
  8046 | D:6      | Reached XP level 8. HP: 32/35 MP: 7/17
  8684 | D:6      | Noticed Pikel
  9007 | D:6      | Identified a scroll of acquirement
  9007 | D:6      | Acquired the ring "Onnuelex" {Wiz rF++}
 10392 | D:6      | Killed Pikel
 10622 | D:7      | Reached XP level 9. HP: 38/40 MP: 7/20
 10924 | D:7      | Found a flagged portal.
 10973 | Bailey   | Entered a bailey
 11351 | Bailey   | Reached skill level 5 in Fighting
 12028 | Bailey   | Shot with a bolt by an orc warrior
 12029 | Bailey   | Reached XP level 8. HP: -19/37 MP: 18/19
 12051 | Bailey   | Shot with a bolt by an orc warrior
 12052 | Bailey   | Reached XP level 7. HP: -7/33 MP: 13/18
 12250 | Bailey   | Reached * piety under Vehumet
 12250 | Bailey   | Offered knowledge of Foxfire by Vehumet.
 12532 | Bailey   | Noticed an orc knight
 12629 | D:7      | Found Urycziv's Distillery.
 12667 | D:7      | Shot with an arrow by a centaur

Illustrated notes

Levels and vault maps discovered:
D:1:      lemuel_arrival_muddy, layout_loops_corners,
          shapermc_ecumenical_altar_rom_forum, serial_shops,
          nicolae_shop_window_shopping
D:2:      minmay_razor_zed, layout_basic, serial_shops, shop, shop, shop,
          kennysheep_jessica_study, uniq_robin, uniq_jessica
D:3:      layout_loops_corners, gammafunk_ghost_split, kennysheep_generic_room_4
D:4:      layout_rooms, gammafunk_temple_overflow_elements,
          grunt_temple_overflow_diamond, minmay_temple_entry_hall, hex_tiny,
          lightli_minifort
D:5:      layout_basic, uniq_blork_the_orc
D:6:      minmay_klotski, layout_basic, uniq_pikel
D:7:      layout_basic, enter_bailey_3, serial_shops, shop
Temple:   nicolae_temple_god_jail

Skill      XL: |  1  2  3  4  5  6  7  8  9 |
---------------+----------------------------+-----
Conjurations   | 1 2 3 |  3.0
Air Magic      | 3 4 5 7 |  7.9
Fighting       | 1 2 3 4 5 |  5.4
Spellcasting   | 3 4 5 6 7 |  7.6
Dodging        | |  2.6
Stealth        | |  2.6

Action                   |  1- 3 |  4- 6 |  7- 9 || total
-------------------------+-------+-------+-------++-------
Melee: Unarmed           |    14 |     4 |     1 ||    19
 Cast: Shock             |    74 |   154 |   168 ||   396
       Airstrike         |       |       |    61 ||    61
  Use: Scroll            |       |     3 |    10 ||    13
 Stab: Sleeping          |     1 |       |       ||     1
Armor: Skin              |     2 |     1 |     2 ||     5
Dodge: Dodged            |    19 |    33 |    66 ||   118

Table legend: (Time is in decaauts)
 A = Elapsed time spent in this place.
 B = Non-inter-level travel time spent in this place.
 C = Inter-level travel time spent in this place.
 D = Time resting spent in this place.
 E = Time spent auto-exploring this place.
 F = Levels seen in this place.
 G = Mean time per level.
                   A        B        C        D        E       F      G
               +--------+--------+--------+--------+--------+-----+--------+
         Total |  11360 |  10916 |    444 |   1322 |   8182 |   9 | 1262.2 |
       Dungeon |   9800 |   9368 |    432 |   1211 |   6986 |   7 | 1400.0 |
        Temple |     65 |     54 |     11 |      0 |     41 |   1 |   65.0 |
        Bailey |   1494 |   1494 |      0 |    111 |   1154 |   1 | 1494.0 |
               +--------+--------+--------+--------+--------+-----+--------+

Top non-repeatable levels by time:
     D:6: 2089 daAuts
     D:2: 1737 daAuts
     D:3: 1504 daAuts
     D:4: 1497 daAuts
  Bailey: 1494 daAuts
     D:5: 1271 daAuts
     D:1: 1261 daAuts
     D:7: 438 daAuts
  Temple: 65 daAuts
